 Dungeon Crawl Stone Soup version 0.21.2-1-g0862bd23eb (webtiles) character file.

98 malin the Shooter (level 4, 0/25 HPs)
             Began as a Tengu Arcane Marksman on Sept 20, 2019.
             Slain by a centaur (2 damage)
             ... on level 3 of the Dungeon.
             The game lasted 00:11:19 (2868 turns).

malin the Shooter (Tengu Arcane Marksman)           Turns: 2868, Time: 00:11:20

Health: 0/25       AC:  6    Str: 15    XL:     4   Next: 69%
Magic:  8/8        EV: 11    Int: 13    God:
Gold:   101        SH:  0    Dex: 16    Spells: 6/7 levels left

rFire    . . .     SeeInvis .   u - +0 long sword
rCold    . . .     Gourm    .   (no shield)
rNeg     . . .     Faith    .   o - +0 scale mail
rPois    .         Spirit   .   (helmet restricted)
rElec    .         Reflect  .   (no cloak)
rCorr    .         Harm     .   (no gloves)
MR       .....                  (boots unavailable)
Stlth    ..........             (no amulet)
HPRegen  0.08/turn              (no ring)
MPRegen  0.11/turn              (no ring)

@: mighty
A: beak, talons 3
a: no special abilities


You were on level 3 of the Dungeon.
You were not hungry.

You visited 1 branch of the dungeon, and saw 3 of its levels.

You collected 101 gold pieces.

Inventory:

Hand Weapons
 a - a +0 shortbow
 b - a +0 hand axe
 u - a +0 long sword (weapon)
Missiles
 d - 9 arrows
 g - 2 tomahawks
 h - 2 javelins (quivered)
 s - 20 bolts
 t - 6 curare-tipped needles
Armour
 e - a +0 robe
 o - a +0 scale mail (worn)
Jewellery
 m - a +1 ring of evasion {unknown}
Scrolls
 k - a scroll of remove curse
 l - 2 scrolls of teleportation
 n - a scroll of identify {unknown}
 p - a scroll of magic mapping {unknown}
Potions
 i - a potion of berserk rage {unknown}
Books
 c - a book of Debilitation

   Spells                             Type                      Level
   a - Corona                         Hexes                        1
   b - Slow                           Hexes                        2
   c - Inner Flame                    Hexes/Fire                   3
   d - Portal Projectile              Hexes/Translocation          3
   e - Cause Fear                     Hexes                        4
   f - Leda's Liquefaction            Hexes/Earth                  4
Comestibles
 r - 2 rations
 v - a chunk of flesh


   Skills:
 - Level 1.0 Fighting
 * Level 4.0 Bows
 + Level 3.2 Dodging
 + Level 2.0 Spellcasting
 - Level 2.1 Hexes


You had 6 spell levels left.
You knew the following spells:

 Your Spells              Type           Power        Failure   Level  Hunger
a - Corona                Hex            #......      41%         1    ##.....


Dungeon Overview and Level Annotations

Branches:
Dungeon (3/15)

Altars:
The Shining One

Annotations:
D:1 exclusion: downstairs
D:2 1 runed door


Innate Abilities, Weirdness & Mutations

You have a beak for a mouth.
You have claws for feet.


Message History

You kill the rat!
You see here a rat corpse.
A centaur comes into view.
The centaur wields a shortbow.
The centaur shoots an arrow.
The arrow barely misses you.
The centaur shoots an arrow.
The arrow hits you!
You see here an arrow.
The centaur shoots an arrow.
The arrow hits you!
Ouch! That really hurt!
* * * LOW HITPOINT WARNING * * *
You see here an arrow.
The centaur shoots an arrow.
The arrow barely misses you.
You see here an arrow.
You feel better.
The centaur shoots an arrow.
The arrow hits you!
* * * LOW HITPOINT WARNING * * *
You see here a rat corpse.
It was a potion of might.
You feel very mighty all of a sudden.
The centaur unwields an uncursed shortbow.
The centaur hits you.
You die...

. .# ########.##
#####.........#
...............
#.#######c.(..##
#.#......@(....#
#.#...............#
.
#.#.......>...(..##
#
#.#.########......#
. #........#
.#..... .
#........# .#.....
#.......... .#.....
######.#.####... .#
#.................#
#


You could see a centaur.

Vanquished Creatures
  4 adders (D:2)
  3 worms (D:2)
  A leopard gecko (D:1)
  An orc (D:3)
  A giant cockroach (D:1)
  5 goblins (D:1)
  7 hobgoblins
  9 jackals
  A kobold (D:3)
  7 bats
  4 frilled lizards
  A jackal skeleton (D:2)
  7 rats
51 creatures vanquished.

Notes
Turn   | Place    | Note
-------+----------+-------------------------------------------
     0 | D:1      | malin the Tengu Arcane Marksman began the quest for the Orb.
     0 | D:1      | Reached XP level 1. HP: 12/12 MP: 3/3
   457 | D:1      | Reached XP level 2. HP: 15/16 MP: 4/4
   904 | D:1      | Reached skill level 3 in Bows
  1024 | D:1      | Reached XP level 3. HP: 14/20 MP: 6/6
  1213 | D:2      | Found a glowing golden altar of the Shining One.
  1930 | D:2      | Reached XP level 4. HP: 23/25 MP: 7/7
  2321 | D:2      | Found a runed door.
  2725 | D:3      | Reached skill level 4 in Bows
  2863 | D:3      | Noticed a centaur
  2868 | D:3      | Slain by a centaur

Skill      XL: |  1  2  3  4 |
---------------+-------------+-----
Bows           | 3 4 |  4.0
Dodging        | 3 |  3.2
Spellcasting   | 2 |  2.0
Fighting       | |  1.0
Hexes          | |  2.1

Action                   |  1- 3 |  4- 6 || total
-------------------------+-------+-------++-------
Melee: Hand axe          |    42 |    12 ||    54
       Peck              |     5 |     3 ||     8
       Kick              |     3 |     4 ||     7
       Long sword        |       |    17 ||    17
 Fire: Shortbow          |    77 |    23 ||   100
Throw: Javelin           |       |     1 ||     1
  Use: Potion            |     2 |     2 ||     4
       Scroll            |       |     3 ||     3
  Eat: Ration            |     1 |     1 ||     2
       Chunk             |     1 |       ||     1
Armor: Robe              |     9 |       ||     9
       Scale mail        |    18 |    17 ||    35
Dodge: Dodged            |    57 |    19 ||    76
       Rpst.: Long sword |       |     2 ||     2
